[Event "Prague Open 2025"]
[Site "Prague"]
[Date "2025.01.12"]
[Round "4.7"]
[White "Marek, Matyas"]
[Black "Platonovs, Nikolajs"]
[Result "1-0"]
[Annotator "RC"]
[ECO "A15"]
[WhiteElo "2314"]
[BlackElo "2077"]
[PlyCount "71"]
[EventDate "2025.01.07"]
[EventType "swiss"]
[EventCountry "CZE"]
[SourceTitle "playchess.com"]
[Source "ChessBase"]
[SourceQuality "1"]
[TimeControl "40/5400+30:1800+30"]

1. c4 Nf6 2. Nf3 e6 3. g3 d5 4. Bg2 d4 5. O-O c5 6. e3 Nc6 7. exd4 cxd4 8. d3 h6 9. Na3 Be7 10. Nc2 O-O 11. Re1 Ne8 12. Bd2 a5 13. b3 f6 14. a3 e5 15. Nh4 Nc7 16. b4 Re8 17. Qh5 Bf8 18. Be4 Ne7 19. Ng6 Qd7 20. bxa5 f5 21. Nxf8 Rxf8 22. Bg2 Qd6 23. Bb4 Qf6 24. Nxd4 Na6 25. Nb5 Rd8 26. Qe2 Nc6 27. Bc3 Nc5 28. Bd5+ Kh7 29. f4 Nd4 30. Nxd4 exd4 31. Bb4 Qd6 32. Rad1 Bd7 33. Qe5 Qxe5 34. Rxe5 Na4 35. Bxb7 Rab8 36. a6 1-0

[Event "Prague Open 2025"]
[Site "Prague"]
[Date "2025.01.12"]
[Round "4.8"]
[White "Zhukovskyi, Myhaylo"]
[Black "Kulhanek, Tomas"]
[Result "1/2-1/2"]
[Annotator "RC"]
[ECO "A07"]
[WhiteElo "2122"]
[BlackElo "2313"]
[PlyCount "42"]
[EventDate "2025.01.07"]
[EventType "swiss"]
[EventCountry "CZE"]
[SourceTitle "playchess.com"]
[Source "ChessBase"]
[SourceQuality "1"]
[TimeControl "40/5400+30:1800+30"]

1. Nf3 Nf6 2. g3 d5 3. Bg2 c6 4. O-O Bg4 5. h3 Bh5 6. c4 e6 7. d4 Be7 8. cxd5 exd5 9. Nc3 Bxf3 10. Bxf3 O-O 11. Bg5 Nbd7 12. Rc1 h6 13. Bxf6 Nxf6 14. e4 dxe4 15. Nxe4 Qb6 16. Nxf6+ Bxf6 17. d5 Rfd8 18. Qb3 c5 19. Qc2 Bd4 20. b3 Qd6 21. Kg2 Re8 1/2-1/2

[Event "Prague Open 2025"]
[Site "Prague"]
[Date "2025.01.12"]
[Round "4.9"]
[White "Salgovic, Simon"]
[Black "Pourquet, Matthieu"]
[Result "1-0"]
[Annotator "RC"]
[ECO "C07"]
[WhiteElo "2102"]
[BlackElo "2262"]
[PlyCount "73"]
[EventDate "2025.01.07"]
[EventType "swiss"]
[EventCountry "CZE"]
[SourceTitle "playchess.com"]
[Source "ChessBase"]
[SourceQuality "1"]
[TimeControl "40/5400+30:1800+30"]

1. e4 e6 2. d4 d5 3. Nd2 c5 4. exd5 Qxd5 5. Ngf3 cxd4 6. Bc4 Qd6 7. O-O Nf6 8. Nb3 Nc6 9. Nbxd4 Nxd4 10. Nxd4 Be7 11. Re1 O-O 12. c3 Qc7 13. Bb3 b6 14. Qf3 Bb7 15. Bf4 Bxf3 16. Bxc7 Bd5 17. Rad1 Rac8 18. Be5 Bxb3 19. axb3 a5 20. Nb5 Bc5 21. Bd6 Rfe8 22. b4 axb4 23. cxb4 Bxd6 24. Nxd6 Red8 25. Nxc8 Rxc8 26. Rc1 Rb8 27. Rc6 Nd5 28. Rec1 Ne7 29. Rc7 Kf8 30. Rd7 Ra8 31. g3 Nd5 32. Rb7 g6 33. Rd1 Ra4 34. Rd4 Ra2 35. Rd3 Rxb2 36. Rf3 f5 37. Ra3 1-0

[Event "Prague Open 2025"]
[Site "Prague"]
[Date "2025.01.12"]
[Round "4.10"]
[White "Chan, Kim Yew"]
[Black "Rindhiya V"]
[Result "1-0"]
[Annotator "RC"]
[ECO "A05"]
[WhiteElo "2258"]
[BlackElo "1999"]
[PlyCount "111"]
[EventDate "2025.01.07"]
[EventType "swiss"]
[EventCountry "CZE"]
[SourceTitle "playchess.com"]
[Source "ChessBase"]
[SourceQuality "1"]
[TimeControl "40/5400+30:1800+30"]

1. Nf3 Nf6 2. c4 e6 3. g3 d5 4. d4 Bb4+ 5. Bd2 Be7 6. Bg2 O-O 7. O-O c6 8. Bc3 b6 9. Nbd2 Bb7 10. b4 c5 11. bxc5 bxc5 12. Rb1 Bc6 13. Ne5 Qc7 14. dxc5 Nbd7 15. Nxd7 Nxd7 16. cxd5 exd5 17. Bd4 Bxc5 18. Bxc5 Nxc5 19. Rc1 Qa5 20. Qc2 Bb7 21. Qxc5 Qxd2 22. Rc2 Qg5 23. Rb2 Rfc8 24. Qa5 Bc6 25. Rc2 Qe7 26. Rfc1 Qd7 27. Bxd5 Bxd5 28. Qxd5 Qxd5 29. Rxc8+ Qd8 30. Rxd8+ Rxd8 31. Rc7 Ra8 32. e3 g6 33. a4 a5 34. Rc5 Kg7 35. g4 h6 36. Kg2 Kf6 37. h4 Ra6 38. g5+ hxg5 39. hxg5+ Ke6 40. Kf3 Kd6 41. Rb5 Ke6 42. Ke4 Kd6 43. f4 Ke6 44. Re5+ Kd6 45. Kd4 Kd7 46. Kc5 Ra8 47. Kb6 Kd6 48. Kb7 Rh8 49. Rxa5 Rh3 50. Re5 Rh2 51. Kb6 Rb2+ 52. Rb5 Re2 53. Rb3 Kd5 54. Kb5 Rc2 55. a5 Rc8 56. Rd3+ 1-0

[Event "Prague Open 2025"]
[Site "Prague"]
[Date "2025.01.12"]
[Round "4.11"]
[White "Taborsky, Rostislav"]
[Black "Mueer, Sebastian"]
[Result "0-1"]
[Annotator "RC"]
[ECO "E04"]
[WhiteElo "2069"]
[BlackElo "2192"]
[PlyCount "66"]
[EventDate "2025.01.07"]
[EventType "swiss"]
[EventCountry "CZE"]
[SourceTitle "playchess.com"]
[Source "ChessBase"]
[SourceQuality "1"]
[TimeControl "40/5400+30:1800+30"]

1. d4 Nf6 2. c4 e6 3. Nf3 d5 4. g3 dxc4 5. Bg2 a6 6. O-O Nc6 7. e3 Rb8 8. Qe2 b5 9. b3 cxb3 10. axb3 Bd6 11. Bb2 O-O 12. Rc1 Nb4 13. Nbd2 Bb7 14. e4 Nd7 15. e5 Be7 16. Ne4 Bd5 17. Bc3 Rb6 18. Qe1 Nd3 19. Qe3 Nxc1 20. Rxc1 Qa8 21. Ned2 Rc6 22. Rb1 a5 23. Ne1 Nb6 24. Bf1 Qa6 25. Ba1 Bb4 26. Nd3 Bxd2 27. Qxd2 Nd7 28. Nf4 Be4 29. Re1 Rc2 30. Qd1 Qc6 31. h4 Ra2 32. Nh5 Bf3 33. Qb1 Rxa1 0-1

[Event "Prague Open 2025"]
[Site "Prague"]
[Date "2025.01.12"]
[Round "4.12"]
[White "Topencik, Bruno"]
[Black "Zhukovskyi, Oleksandr"]
[Result "1/2-1/2"]
[Annotator "RC"]
[ECO "B04"]
[WhiteElo "1985"]
[BlackElo "2162"]
[PlyCount "53"]
[EventDate "2025.01.07"]
[EventType "swiss"]
[EventCountry "CZE"]
[SourceTitle "playchess.com"]
[Source "ChessBase"]
[SourceQuality "1"]
[TimeControl "40/5400+30:1800+30"]

1. e4 Nf6 2. e5 Nd5 3. d4 d6 4. Nf3 dxe5 5. Nxe5 c6 6. Nc3 Nxc3 7. bxc3 Nd7 8. Nf3 g6 9. Bd3 Bg7 10. O-O O-O 11. Re1 Re8 12. Bf4 Qa5 13. Qd2 Nb6 14. h3 Na4 15. Bd6 Bxh3 16. Bxe7 Bg4 17. Bb4 Qd5 18. Rxe8+ Rxe8 19. Re1 Rxe1+ 20. Qxe1 Qe6 21. Qd2 Bxf3 22. gxf3 a5 23. Bxa5 Qd5 24. Bb4 Qxf3 25. Qg5 h6 26. Qe7 Qg4+ 27. Kf1 1/2-1/2

[Event "Prague Open 2025"]
[Site "Prague"]
[Date "2025.01.12"]
[Round "4.13"]
[White "Jiricek, Jakub"]
[Black "Mannion, Stephen R"]
[Result "0-1"]
[Annotator "RC"]
[ECO "A29"]
[WhiteElo "1968"]
[BlackElo "2159"]
[PlyCount "64"]
[EventDate "2025.01.07"]
[EventType "swiss"]
[EventCountry "CZE"]
[SourceTitle "playchess.com"]
[Source "ChessBase"]
[SourceQuality "1"]
[TimeControl "40/5400+30:1800+30"]

1. c4 e5 2. Nc3 Nf6 3. Nf3 Nc6 4. g3 d5 5. cxd5 Nxd5 6. d3 Be7 7. Bg2 Be6 8. O-O O-O 9. a3 h6 10. Bd2 Re8 11. b4 a6 12. Na4 f5 13. Rc1 e4 14. Ne1 Nf6 15. Bc3 Bd5 16. Bb2 exd3 17. Nxd3 Bxg2 18. Kxg2 Qd5+ 19. Kg1 Ne4 20. Nf4 Qf7 21. f3 Rad8 22. Nd3 Nf6 23. Qc2 Nd5 24. Qb3 Bg5 25. f4 Bf6 26. Rxc6 bxc6 27. Ne5 Bxe5 28. Bxe5 Nb6 29. Qc2 Nxa4 30. Qxa4 Qc4 31. Kf2 Rd2 32. Re1 Re7 0-1

[Event "Prague Open 2025"]
[Site "Prague"]
[Date "2025.01.12"]
[Round "4.14"]
[White "Kara, Goktan Can"]
[Black "Felix, Raphael"]
[Result "0-1"]
[Annotator "RC"]
[ECO "B51"]
[WhiteElo "1789"]
[BlackElo "2127"]
[PlyCount "86"]
[EventDate "2025.01.07"]
[EventType "swiss"]
[EventCountry "CZE"]
[SourceTitle "playchess.com"]
[Source "ChessBase"]
[SourceQuality "1"]
[TimeControl "40/5400+30:1800+30"]

1. e4 c5 2. Nf3 d6 3. Bb5+ Nd7 4. d4 cxd4 5. Qxd4 a6 6. Bxd7+ Bxd7 7. O-O e5 8. Qd3 h6 9. a4 Nf6 10. c4 b5 11. b3 bxc4 12. bxc4 Rc8 13. Nc3 Qc7 14. Nd2 Be7 15. Ba3 O-O 16. c5 dxc5 17. Qxa6 Ra8 18. Qc4 Rfd8 19. Rfd1 Bxa4 20. Nxa4 Rd4 21. Qc2 Raxa4 22. Bb2 Rxa1 23. Rxa1 Rd8 24. Nc4 Nd7 25. Bc3 Re8 26. Qa4 Rc8 27. Rd1 Nb6 28. Nxb6 Qxb6 29. Bxe5 c4 30. g3 Qe6 31. Qa1 f6 32. Bc3 Qxe4 33. Qa7 Qc2 34. Rd7 Bc5 35. Rxg7+ Kh8 36. Rh7+ Qxh7 37. Bxf6+ Kg8 38. Qa6 Qb1+ 39. Kg2 Qe4+ 40. Kh3 Re8 41. Qb5 Qf5+ 42. Kg2 Qxf2+ 43. Kh3 Qf5+ 0-1

[Event "Prague Open 2025"]
[Site "Prague"]
[Date "2025.01.12"]
[Round "4.15"]
[White "Slacky, Stanislav"]
[Black "Colijn, Stefan"]
[Result "1/2-1/2"]
[Annotator "RC"]
[ECO "E06"]
[WhiteElo "2031"]
[BlackElo "2315"]
[PlyCount "74"]
[EventDate "2025.01.07"]
[EventType "swiss"]
[EventCountry "CZE"]
[SourceTitle "playchess.com"]
[Source "ChessBase"]
[SourceQuality "1"]
[TimeControl "40/5400+30:1800+30"]

1. d4 d5 2. c4 e6 3. Nf3 Nf6 4. g3 Be7 5. Bg2 O-O 6. O-O dxc4 7. Na3 Bxa3 8. bxa3 b5 9. a4 a6 10. Ba3 Re8 11. Ne5 Nd5 12. e4 Nf6 13. Nxf7 Kxf7 14. e5 Nd5 15. Qh5+ Kg8 16. Be4 g6 17. Bxg6 Re7 18. Bxe7 Qxe7 19. Bxh7+ Qxh7 20. Qe8+ Kg7 21. Qxc8 Qg8 22. Qb7 Nd7 23. axb5 axb5 24. Qxb5 N7b6 25. Rfc1 Qh7 26. a4 Rh8 27. h4 Qe4 28. Qc6 Rxh4 29. gxh4 Qg4+ 30. Kf1 Qf3 31. Kg1 Qg4+ 32. Kf1 Qxh4 33. Qxe6 Qh1+ 34. Ke2 Qe4+ 35. Kf1 Qh1+ 36. Ke2 Qe4+ 37. Kf1 Qh1+ 1/2-1/2

[Event "Prague Open 2025"]
[Site "Prague"]
[Date "2025.01.12"]
[Round "4.16"]
[White "Llopis de Aysa, Manuel"]
[Black "Golis, Wiktor"]
[Result "0-1"]
[Annotator "RC"]
[ECO "D37"]
[WhiteElo "2031"]
[BlackElo "2314"]
[PlyCount "64"]
[EventDate "2025.01.07"]
[EventType "swiss"]
[EventCountry "CZE"]
[SourceTitle "playchess.com"]
[Source "ChessBase"]
[SourceQuality "1"]
[TimeControl "40/5400+30:1800+30"]

1. d4 Nf6 2. Nf3 d5 3. c4 e6 4. Nc3 Ne4 5. Bf4 Nc6 6. e3 g5 7. Nxe4 gxf4 8. Nc3 fxe3 9. fxe3 Bh6 10. Bd3 dxc4 11. Be4 Bd7 12. Qe2 Qe7 13. O-O O-O-O 14. b3 Rhg8 15. bxc4 f5 16. Bc2 Rg4 17. Rf2 Rdg8 18. Re1 Qg7 19. Kh1 e5 20. d5 Nb4 21. a3 e4 22. Nd4 Bxe3 23. Qxe3 Rxg2 24. Nce2 c5 25. dxc6 Nxc6 26. Nb5 a6 27. Nd6+ Kc7 28. Nxf5 Bxf5 29. Qf4+ Ne5 30. Qxf5 Nf3 31. Qf4+ Kc8 32. Ng3 Rxf2 0-1

[Event "Prague Open 2025"]
[Site "Prague"]
[Date "2025.01.12"]
[Round "4.17"]
[White "Jaskolka, Tomasz"]
[Black "Skodras, Marios Konstantinos"]
[Result "0-1"]
[Annotator "RC"]
[ECO "A45"]
[WhiteElo "2210"]
[BlackElo "2013"]
[PlyCount "62"]
[EventDate "2025.01.07"]
[EventType "swiss"]
[EventCountry "CZE"]
[SourceTitle "playchess.com"]
[Source "ChessBase"]
[SourceQuality "1"]
[TimeControl "40/5400+30:1800+30"]

1. d4 Nf6 2. Nc3 d5 3. Bf4 g6 4. e3 Bg7 5. h4 h5 6. Nf3 O-O 7. Qd2 c5 8. Ne5 Nc6 9. f3 cxd4 10. exd4 Bf5 11. Bb5 Nb4 12. Ba4 Qb6 13. a3 Nc6 14. O-O-O Na5 15. g4 hxg4 16. fxg4 Bxg4 17. h5 Bxd1 18. h6 Bh5 19. hxg7 Rfd8 20. Bb5 Rac8 21. Bg5 Ne4 22. Qf4 f6 23. Nxe4 dxe4 24. Bxf6 Qxf6 25. Qe3 Rxd4 26. Ng4 Bxg4 27. Rh8+ Kf7 28. c3 Rxh8 29. gxh8=Q Qxh8 30. Qf4+ Qf6 31. Qxg4 Rd5 0-1

[Event "Prague Open 2025"]
[Site "Prague"]
[Date "2025.01.12"]
[Round "4.18"]
[White "Fizer, Marek"]
[Black "Korniichuk, Oleksandra"]
[Result "1-0"]
[Annotator "ChessBase"]
[ECO "B31"]
[WhiteElo "2155"]
[BlackElo "2006"]
[PlyCount "119"]
[EventDate "2025.01.07"]
[EventType "swiss"]
[EventCountry "CZE"]
[SourceTitle "playchess.com"]
[Source "ChessBase"]
[SourceQuality "1"]
[TimeControl "40/5400+30:1800+30"]

1. e4 c5 2. Nf3 Nc6 3. Bb5 g6 4. O-O Bg7 5. Re1 e5 6. Bxc6 dxc6 7. d3 Qc7 8. Be3 b6 9. a4 a5 10. Na3 Ne7 11. h3 O-O 12. c3 Rd8 13. Qc2 Ba6 14. Rad1 Rd7 15. Rd2 Rad8 16. Red1 h6 17. d4 cxd4 18. cxd4 exd4 19. Nxd4 c5 20. Ndb5 Qc6 21. b3 Bxb5 22. Nxb5 Qe6 23. Rxd7 Rxd7 24. Rxd7 Qxd7 25. Qd2 Qe6 26. Qd8+ Kh7 27. Nd6 Be5 28. Nc4 Bg7 29. Qxb6 Qxe4 30. Qxa5 Qb1+ 31. Kh2 Qxb3 32. Qb5 Qa2 33. a5 Nf5 34. Bxc5 Nd4 35. Bxd4 Bxd4 36. f3 Qa1 37. Qe8 Qg1+ 38. Kg3 Bf2+ 39. Kf4 Qc1+ 40. Ne3 g5+ 41. Kg4 Bxe3 42. Qxf7+ Kh8 43. Kh5 g4 44. Qf8+ Kh7 45. Qf5+ Kh8 46. hxg4 Kg7 47. Qg6+ Kf8 48. Qf6+ Ke8 49. a6 Qc5+ 50. Kg6 Qc2+ 51. Qf5 Qc6+ 52. Kh5 Qc1 53. g3 Ke7 54. Qe4+ Kf7 55. f4 Qd2 56. Kxh6 Qh2+ 57. Kg5 Qxg3 58. a7 Bf2 59. Qh7+ Ke6 60. a8=Q 1-0

[Event "Prague Open 2025"]
[Site "Prague"]
[Date "2025.01.12"]
[Round "4.19"]
[White "Zawal, Krzysztof"]
[Black "Adrian, Claude"]
[Result "1/2-1/2"]
[Annotator "RC"]
[ECO "B38"]
[WhiteElo "2013"]
[BlackElo "2151"]
[PlyCount "147"]
[EventDate "2025.01.07"]
[EventType "swiss"]
[EventCountry "CZE"]
[SourceTitle "playchess.com"]
[Source "ChessBase"]
[SourceQuality "1"]
[TimeControl "40/5400+30:1800+30"]

1. e4 c5 2. Nf3 Nc6 3. d4 cxd4 4. Nxd4 g6 5. c4 Bg7 6. Be3 d6 7. Nc3 Nh6 8. Be2 f5 9. exf5 Nxf5 10. Nxf5 Bxf5 11. Qd2 Qa5 12. Rc1 O-O 13. O-O Rf7 14. Bf3 Ne5 15. Be2 Raf8 16. b3 Ng4 17. Bxg4 Bxg4 18. f3 Bd7 19. Bd4 Bc6 20. Bxg7 Rxg7 21. Rfe1 g5 22. Qd4 Rf4 23. Qe3 e5 24. h3 h5 25. Ne2 Rff7 26. Ng3 g4 27. fxg4 hxg4 28. h4 Qd8 29. h5 Qh4 30. Rf1 Rf3 31. Nf5 Rxe3 32. Nxh4 g3 33. Rce1 Rxe1 34. Rxe1 Rg5 35. Re3 Kf7 36. Nf3 Rxh5 37. Nd2 Rg5 38. Nf1 b5 39. Rxg3 Rxg3 40. Nxg3 b4 41. Kf2 Kf6 42. Nf1 Kf5 43. Nd2 a5 44. Kf1 Kf4 45. Kf2 Bb7 46. g3+ Kg4 47. Nf1 Be4 48. Nd2 Bc2 49. Kg2 Bg6 50. Kf2 Bf5 51. Kg2 Bd7 52. Kf2 Bc6 53. Nf1 Be4 54. Nd2 Bc2 55. Kg2 a4 56. bxa4 Bxa4 57. Kf2 Bc2 58. Kg2 Ba4 59. Kf2 Bc6 60. Nf1 Kh3 61. Nd2 Bb7 62. Nb3 Kg4 63. Nd2 Bc6 64. Nf1 Be4 65. Nd2 Bh7 66. Kg2 Bg6 67. Kf2 Bf7 68. Ke3 d5 69. cxd5 Bxd5 70. Nb3 Kxg3 71. Nc5 Bxa2 72. Ke4 Kf2 73. Nd3+ Ke2 74. Nxb4 1/2-1/2

[Event "Prague Open 2025"]
[Site "Prague"]
[Date "2025.01.12"]
[Round "4.20"]
[White "Tyomkyn, Mikhail"]
[Black "Pousada Garcia, Victor Daniel"]
[Result "1-0"]
[Annotator "RC"]
[ECO "A05"]
[WhiteElo "2143"]
[BlackElo "1984"]
[PlyCount "51"]
[EventDate "2025.01.07"]
[EventType "swiss"]
[EventCountry "CZE"]
[SourceTitle "playchess.com"]
[Source "ChessBase"]
[SourceQuality "1"]
[TimeControl "40/5400+30:1800+30"]

1. Nf3 Nf6 2. g3 g6 3. Bg2 Bg7 4. O-O O-O 5. c4 d5 6. cxd5 Qxd5 7. d4 c6 8. Ne5 Qa5 9. Nc3 Be6 10. e3 Qc7 11. Qe2 Nbd7 12. Nxd7 Qxd7 13. Rd1 Rfd8 14. b3 Nd5 15. Bb2 Nxc3 16. Bxc3 a5 17. Qc2 Bg4 18. Rd2 Qf5 19. e4 Qh5 20. d5 Bh6 21. f4 cxd5 22. Rxd5 Rxd5 23. exd5 Bf3 24. Qd3 Bxg2 25. Qd4 e5 26. dxe6 1-0

[Event "Prague Open 2025"]
[Site "Prague"]
[Date "2025.01.12"]
[Round "4.21"]
[White "Goh, Choon Keng Philip"]
[Black "Sindler, Michal"]
[Result "0-1"]
[Annotator "RC"]
[ECO "E61"]
[WhiteElo "1978"]
[BlackElo "2136"]
[PlyCount "98"]
[EventDate "2025.01.07"]
[EventType "swiss"]
[EventCountry "CZE"]
[SourceTitle "playchess.com"]
[Source "ChessBase"]
[SourceQuality "1"]
[TimeControl "40/5400+30:1800+30"]

1. d4 Nf6 2. c4 g6 3. Nc3 Bg7 4. Nf3 O-O 5. Bg5 h6 6. Bh4 c5 7. d5 d6 8. e3 g5 9. Bg3 Nh5 10. Bd3 Nxg3 11. hxg3 e6 12. Qc2 Re8 13. Kf1 Na6 14. a3 Nc7 15. Rd1 exd5 16. cxd5 Rb8 17. Bf5 b5 18. Ne2 b4 19. a4 b3 20. Qb1 Na8 21. g4 Rb4 22. Ng3 Qf6 23. Rd2 Rxg4 24. Bxg4 Bxg4 25. Nh2 Bc8 26. Nh5 Qd8 27. Nxg7 Kxg7 28. Qd3 Qa5 29. Ke1 Qxa4 30. Qc3+ f6 31. Nf1 Re5 32. f3 Nb6 33. e4 a5 34. Kf2 Qb4 35. Qxb4 axb4 36. Ne3 f5 37. exf5 Bxf5 38. Ra1 c4 39. Nxf5+ Rxf5 40. Rc1 Rf7 41. Re2 Rc7 42. Re6 Na4 43. Rxd6 Nxb2 44. Rh1 Nd3+ 45. Ke3 Nf4 46. Rdxh6 Nxd5+ 47. Ke4 Nf6+ 48. Ke5 c3 49. Rxf6 Rc5+ 0-1

[Event "Prague Open 2025"]
[Site "Prague"]
[Date "2025.01.13"]
[Round "5.1"]
[White "Harshavardhan G B"]
[Black "Horak, Martin"]
[Result "1/2-1/2"]
[Annotator "ChessBase"]
[ECO "D35"]
[WhiteElo "2405"]
[BlackElo "2357"]
[PlyCount "48"]
[EventDate "2025.01.07"]
[EventType "swiss"]
[EventCountry "CZE"]
[SourceTitle "playchess.com"]
[Source "ChessBase"]
[SourceQuality "1"]
[TimeControl "40/5400+30:1800+30"]

1. d4 d5 2. c4 e6 3. Nc3 Nf6 4. cxd5 Nxd5 5. e4 Nxc3 6. bxc3 c5 7. Nf3 cxd4 8. cxd4 Bb4+ 9. Bd2 Bxd2+ 10. Qxd2 O-O 11. Bc4 Nd7 12. O-O b6 13. a4 Bb7 14. Rfe1 Rc8 15. Bd3 Qc7 16. a5 Rfd8 17. axb6 axb6 18. h3 h6 19. Rec1 Qd6 20. Ra7 Rxc1+ 21. Qxc1 Rc8 22. Qd2 Qb8 23. Ra1 Qc7 24. Kf1 Nf6 1/2-1/2

[Event "Prague Open 2025"]
[Site "Prague"]
[Date "2025.01.13"]
[Round "5.2"]
[White "Tolmacevs, Artjoms"]
[Black "Senthil Maran K"]
[Result "1/2-1/2"]
[Annotator "TA"]
[ECO "B12"]
[WhiteElo "2252"]
[BlackElo "2398"]
[PlyCount "38"]
[EventDate "2025.01.07"]
[EventType "swiss"]
[EventCountry "CZE"]
[SourceTitle "playchess.com"]
[Source "ChessBase"]
[SourceQuality "1"]
[TimeControl "40/5400+30:1800+30"]

1. e4 c6 2. d4 d5 3. e5 c5 4. dxc5 e6 5. a3 Bxc5 6. b4 Be7 7. Nf3 Nd7 8. Bb2 a5 9. b5 Nh6 10. c4 dxc4 11. Bxc4 Nb6 (11... b6 $11 {deserves consideration.}) 12. Qxd8+ Bxd8 13. Bd3 Na4 14. Bd4 Bb6 (14... Nf5 $11) 15. Bxb6 $16 Nxb6 16. Nc3 {[%emt 0:02:17] White is more active.} Ke7 17. Ke2 Bd7 18. Rac1 Rac8 19. Ne4 Nd5 (19... f6 $11) 1/2-1/2

[Event "Prague Open 2025"]
[Site "Prague"]
[Date "2025.01.13"]
[Round "5.3"]
[White "Jain Kashish Manoj"]
[Black "Chan, Kim Yew"]
[Result "1-0"]
[Annotator "TA"]
[ECO "B12"]
[WhiteElo "2363"]
[BlackElo "2258"]
[PlyCount "73"]
[EventDate "2025.01.07"]
[EventType "swiss"]
[EventCountry "CZE"]
[SourceTitle "playchess.com"]
[Source "ChessBase"]
[SourceQuality "1"]
[TimeControl "40/5400+30:1800+30"]

1. e4 c6 2. d4 d5 3. e5 Bf5 4. Nf3 e6 5. Be2 c5 6. Be3 cxd4 7. Nxd4 Ne7 8. O-O Nbc6 9. Bb5 a6 10. Bxc6+ bxc6 {[%emt 0:00:02] Black is weak on the dark squares} 11. c4 Qd7 12. Nc3 dxc4 13. Na4 {[%emt 0:00:11] Excellent horsemanship.} Nd5 {[%emt 0:00:42] Against Nb6} 14. Nxf5 exf5 15. Rc1 c3 16. Qc2 Be7 17. Nxc3 (17. bxc3 Nxe3 18. fxe3 Rd8 $16) 17... Nxe3 18. fxe3 Bg5 19. Rce1 (19. Rxf5 $2 Bxe3+ 20. Rf2 Bxc1 (20... Bxf2+ $2 21. Qxf2 O-O 22. h3 $19) 21. Qxc1 O-O $19) 19... g6 {[%emt 0:01:21] [#]} 20. g4 $1 fxg4 (20... O-O $14) (20... Qe7 21. gxf5) 21. Ne4 $16 Be7 {[%emt 0:00:34][%cal Bg5e7,Be7d6,Bd6f4][%mdl 32] Prevents Nd6+} 22. Rd1 Qc8 {[%emt 0:04:44] [#]} 23. e6 $1 {[%emt 0:10:49][%mdl 512] White has more active pieces.} Qxe6 {[%emt 0:06:24][%cal Oe8g8] [#]} (23... fxe6 $2 24. Qc3 (24. Nf6+ Bxf6 25. Rxf6 a5 $18) 24... Rg8 25. Rd6 $18) 24. Nd6+ $1 Bxd6 25. Qxc6+ Kf8 {[%emt 0:01:59][%cal Od6h2,Be8f8,Bf8g7,Bg7h6][%mdl 32] aiming for ...Bxh2+!.} 26. Qxa8+ Kg7 {[%emt 0:00:03] [#]} 27. Qd5 $1 $36 {[%emt 0:01:38][%mdl 2048] Keeping Black busy. Some like it hot} Qxe3+ (27... Qxd5 $16 28. Rxd5 Be7) 28. Kh1 $18 Bf4 {[%emt 0:04:29] [#]} (28... Bb8 {was called for.}) 29. Rd4 $1 Bb8 $2 ({Avoid the trap} 29... g5 $2 30. Rfxf4 Qc1+ 31. Kg2 Qxf4 (31... gxf4 32. Qg5+ Kf8 33. Rd8#) 32. Rxf4 gxf4 33. Qg5+ Kf8 34. Qxf4 $18 (34. Qxg4 Rg8 $14)) (29... Bg5) 30. Rxf7+ Kh6 31. Rxg4 Qe1+ 32. Rg1 Qh4 {[%emt 0:00:38] Wards off Qg5+} 33. Qd2+ Kh5 34. Qe2+ Kh6 35. Rg4 (35. Qxa6 $2 Qxh2#) (35. Qe3+ $142 Kh5 36. Rg2 Bc7 37. Qe6 (37. Rxc7 g5 38. Qe2+ g4 39. Rc5+ Qg5 40. Qxg4+ Kg6 41. Qf5+ Kg7 42. Rxg5+ Kh6 43. Qh3#) 37... Qg5 38. Rxg5+ Kxg5 39. Qf6+ (39. Rxc7 Rf8 40. Qe3+ Kh5 41. Rxh7+ Kg4 42. h3+ Kf5 43. Re7 g5 44. Qe6+ Kf4 45. Qg4#) 39... Kg4 40. Rxc7 (40. Qxh8 Kh5 41. Rxc7 a5 42. Qe5+ g5 43. Rxh7+ Kg6 44. Rg7+ Kh6 45. Qxg5#)) 35... Qh5 36. Qe3+ g5 37. Rf6+ 1-0

[Event "Prague Open 2025"]
[Site "Prague"]
[Date "2025.01.13"]
[Round "5.4"]
[White "Mueer, Sebastian"]
[Black "Lewtak, Damian"]
[Result "0-1"]
[Annotator "TA"]
[ECO "E20"]
[WhiteElo "2192"]
[BlackElo "2359"]
[PlyCount "74"]
[EventDate "2025.01.07"]
[EventType "swiss"]
[EventCountry "CZE"]
[SourceTitle "playchess.com"]
[Source "ChessBase"]
[SourceQuality "1"]
[TimeControl "40/5400+30:1800+30"]

1. d4 Nf6 2. c4 e6 3. Nc3 Bb4 4. f3 c5 5. d5 {[%emt 0:00:06] [#]} b5 $1 6. e4 d6 7. Nge2 bxc4 {[%emt 0:01:13] Threatening ...exd5.} 8. Nf4 g5 (8... e5 $5 9. Nfe2 $8 Nbd7 $11) 9. Nfe2 $1 exd5 10. exd5 Qe7 11. Bxg5 {[%emt 0:01:21] And now Qd2 would win.} Nbd7 {[%emt 0:00:52] Active counter play!} (11... Bxc3+ $11 12. bxc3 h6 13. Bxf6 Qxf6) 12. Qd2 (12. Qc2 $16) 12... Rg8 $11 13. Kd1 Rb8 14. Ng3 Bxc3 (14... Nb6 {is interesting.} 15. Kc2 Bxc3 16. bxc3 Na4) 15. bxc3 Ne5 16. Qf4 {[%emt 0:13:01] [#]} ({Don't go for} 16. Nh5 $2 Rxg5 17. Qxg5 Nxh5 (17... Nxd5 18. Qd2 $11) 18. Qg8+ (18. Qxh5 Bd7 $19) 18... Kd7 19. Qxh7 Nf6 $19) (16. Be2 $14 {stays ahead.}) 16... Rxg5 $1 $17 17. Qxg5 Nxd5 18. Qg8+ $2 (18. Qd2 $1 $15 Be6 19. Be2) 18... Kd7 $19 19. Ne4 Kc7 20. Kc1 Bf5 21. Qg3 $2 (21. Qg5 Qxg5+ 22. Nxg5) 21... Qe8 22. Rb1 Rxb1+ 23. Kxb1 Nxc3+ 24. Ka1 Nd5 {[%emt 0:04:51] and ...Qa4 should not be overlooked} 25. Qf2 Qa4 26. Qd2 {[%emt 0:00:22] Wards off Qd1+} Bxe4 27. fxe4 Nb4 {[%emt 0:00:37][%cal Oc4c3] ( -> ...c3!)} 28. Kb1 Qa3 {[%emt 0:02:09] ( -> ...c3)} 29. Qb2 Qe3 {[%emt 0:00:06] White is weak on the dark squares} 30. Qe2 Qc3 {[%emt 0:00:11] ( -> ...Ned3)} 31. Qf2 Kb6 {[%emt 0:01:45] ( -> ...Ng4)} 32. g3 Nf3 {[%emt 0:01:43] ( -> ...Nd2+) A dynamic duo of knights.} 33. Qb2 Qe1+ 34. Qc1 Nd2+ 35. Kb2 c3+ 36. Qxc3 Qb1+ 37. Ka3 Qxa2# 0-1

[Event "Prague Open 2025"]
[Site "Prague"]
[Date "2025.01.13"]
[Round "5.5"]
[White "Mannion, Stephen R"]
[Black "Marek, Matyas"]
[Result "1/2-1/2"]
[Annotator "ChessBase"]
[ECO "B61"]
[WhiteElo "2159"]
[BlackElo "2314"]
[PlyCount "104"]
[EventDate "2025.01.07"]
[EventType "swiss"]
[EventCountry "CZE"]
[SourceTitle "playchess.com"]
[Source "ChessBase"]
[SourceQuality "1"]
[TimeControl "40/5400+30:1800+30"]

1. e4 c5 2. Nf3 d6 3. d4 cxd4 4. Nxd4 Nf6 5. Nc3 Nc6 6. Bg5 Bd7 7. Qd2 Rc8 8. O-O-O Nxd4 9. Qxd4 Qa5 10. f4 h6 11. Bxf6 gxf6 12. Be2 Qc5 13. Qd3 h5 14. Kb1 Bg7 15. Qg3 Kf8 16. Rd5 h4 17. Qf3 Qb6 18. f5 Bh6 19. Rd3 Qc5 20. Rhd1 Qe5 21. g3 hxg3 22. hxg3 Qc5 23. a3 Bg5 24. Rd5 Qe3 25. R5d3 Qxf3 26. Rxf3 Rh2 27. Bd3 Kg7 28. Nd5 e6 29. Nf4 Rc5 30. Ne2 Kf8 31. Nd4 Ke7 32. c3 a6 33. Bc2 e5 34. Nb3 Ba4 35. Rfd3 Rc6 36. Nd4 Rb6 37. b4 Bxc2+ 38. Nxc2 Re2 39. Re1 Rxe1+ 40. Nxe1 Rc6 41. Nf3 Bh6 42. Nh2 Rc4 43. Ng4 Bg5 44. Nf2 d5 45. Rxd5 Rxc3 46. Rd3 Rc1+ 47. Kb2 Re1 48. Rc3 Be3 49. Nd3 Re2+ 50. Kb3 Kd6 51. Rc2 Rxc2 52. Kxc2 b5 1/2-1/2